 Dungeon Crawl Stone Soup version 0.27.1-3-gb3d3a73c9e (webtiles) character file.

Game seed: 6007532182937587156

41 horus123 the Bolt Thrower (level 3, -6/27 HPs)
             Began as a Human Hunter on Oct 30, 2021.
             Mangled by a gnoll (9 damage)
             ... on level 2 of the Dungeon.
             The game lasted 00:00:55 (398 turns).

horus123 the Bolt Thrower (Human Hunter)             Turns: 398, Time: 00:00:55

Health: -6/27      AC:  3    Str: 12    XL:     3   Next: 75%
Magic:  3/3        EV: 12    Int: 11    God:
Gold:   17         SH:  0    Dex: 14    Spells: 2/2 levels left

rFire    . . .     SeeInvis .   a - +1 hand crossbow
rCold    . . .     Faith    .   (no shield)
rNeg     . . .     Spirit   .   c - +0 leather armour
rPois    .         Reflect  .   (no helmet)
rElec    .         Harm     .   (no cloak)
rCorr    .         Rampage  .   (no gloves)
Will     .....                  (no boots)
Stlth    +.........             (no amulet)
HPRegen  0.09/turn              (no ring)
MPRegen  0.08/turn              (no ring)

@: no status effects
A: no striking features
a: no special abilities


You were on level 2 of the Dungeon.
You visited 1 branch of the dungeon, and saw 2 of its levels.

You collected 17 gold pieces.

Inventory:

Hand Weapons
 a - a +1 hand crossbow (weapon)
 b - a +0 short sword
Missiles
 d - 5 bolts (quivered ammo)
Armour
 c - a +0 leather armour (worn)
Scrolls
 f - a scroll of vulnerability {unknown}
 h - 3 scrolls of fog {unknown}
 i - a scroll of teleportation {unknown}
Potions
 e - 2 potions of degeneration {unknown}
 g - a potion of brilliance {unknown}
 j - a potion of curing {unknown}


   Skills:
 - Level 2.0 Fighting
 + Level 5.2 Crossbows
 - Level 2.0 Dodging
 - Level 1.0 Stealth


You had 2 spell levels left.
You didn't know any spells.
Your spell library contained the following spells:

 Spells                   Type           Power      Damage    Failure   Level
 Blink                    Tloc           N/A        N/A       56%         2
 Lesser Beckoning         Tloc           0%         N/A       80%         3
 Manifold Assault         Tloc           0%         N/A       100%        5


Dungeon Overview and Level Annotations

Branches:
Dungeon (1/15)

Altars:


Message History

A gnoll comes into view. It is wielding a +0 club.
You shoot a bolt. The bolt completely misses the gnoll.
You shoot a bolt. The bolt hits the gnoll!
The gnoll is almost dead.
You shoot a bolt. The bolt hits the gnoll!
You kill the gnoll!
The gnoll barely misses you.
Your Crossbows skill increases to level 5!
You shoot a bolt. The bolt barely misses the gnoll.
The gnoll closely misses you.
You shoot a bolt. The bolt closely misses the gnoll.
The gnoll hits you with a +0 flail!
You shoot a bolt. The bolt hits the gnoll!
The gnoll is severely wounded.
You shoot a bolt. The bolt hits the gnoll.
The gnoll is lightly wounded.
The gnoll barely misses you.
You shoot a bolt. The bolt hits the gnoll.
The gnoll is moderately wounded.
The gnoll hits you with a +0 club!
You shoot a bolt. The bolt closely misses the gnoll.
You shoot a bolt. The bolt hits the gnoll.
You kill the gnoll!
The gnoll misses you. The gnoll hits you with a +0 club.
* * * LOW HITPOINT WARNING * * *
You are too injured to fight recklessly!
You are too injured to fight recklessly!
Fire: 7 bolts
Press: ? - help, Q - select action Shift-Dir - straight line, f - gnoll
Aim: a gnoll, wielding a +0 club (moderately wounded, 69% to hit)
You shoot a bolt. The bolt closely misses the gnoll.
The gnoll barely misses you. The gnoll hits you with a +0 club.
* * * LOW HITPOINT WARNING * * *
Fire: 6 bolts
Press: ? - help, Q - select action Shift-Dir - straight line, f/p - gnoll
Aim: a gnoll, wielding a +0 club (moderately wounded, 69% to hit)
You shoot a bolt. The bolt hits the gnoll!
The gnoll is almost dead.
The gnoll hits you with a +0 flail!
You die...

#.# #....#
#.... #.#
####.###.###
#.# ##.>.##
# #.#
#####.## #
#.# #.....#
# ##.###
#.....#
##....##
#.....#
#....#.#
#.....#
##..@g##
#.....#
##<#g#
#######
###(# (# (#
.# .. .#


You could see 2 gnolls.

Vanquished Creatures
  3 gnolls (D:2)
  4 bats
  An endoplasm (D:2)
  A giant cockroach (D:2)
  A goblin (D:2)
  A hobgoblin (D:2)
  A kobold (D:1)
  2 rats
14 creatures vanquished.

Notes
Turn   | Place    | Note
-------+----------+-------------------------------------------
     0 | D:1      | horus123 the Human Hunter began the quest for the Orb.
     0 | D:1      | Reached XP level 1. HP: 16/16 MP: 1/1
    57 | D:1      | You fall into a shaft and drop 1 floor!
   146 | D:2      | Reached XP level 2. HP: 22/22 MP: 2/2
   280 | D:2      | Reached XP level 3. HP: 27/27 MP: 3/3
   390 | D:2      | Reached skill level 5 in Crossbows
   398 | D:2      | Mangled by a gnoll

Illustrated notes

Levels and vault maps discovered:
D:1:      lightli_arrival_farm, layout_rooms, hellmonk_ecumenical_altar_zigzags,
          minmay_domino_2
D:2:      kennysheep_six_static_rooms, layout_loops_cross, serial_shops,
          nicolae_shop_statue_plus

Skill      XL: |  1  2  3 |
---------------+----------+-----
Crossbows      | 5 |  5.2
Fighting       | |  2.0
Dodging        | |  2.0
Stealth        | |  1.0

Action                   || total
-------------------------++-------
 Fire: Hand crossbow     ||    34
Armor: Leather armour    ||     1
Dodge: Dodged            ||    12
